 Dungeon Crawl Stone Soup version 0.27.0-1-g7a089689b8 (webtiles) character file.

Game seed: 16821763798353504978

95 ZombieSheep the Skirmisher (level 4, -1/37 HPs)
             Began as a Demonspawn Monk on Aug 1, 2021.
             Slain by Sigmund (6 damage)
             ... on level 3 of the Dungeon.
             The game lasted 00:04:13 (2946 turns).

ZombieSheep the Skirmisher (Demonspawn Monk)        Turns: 2946, Time: 00:04:14

Health: -1/37      AC:  8    Str: 13    XL:     4   Next: 40%
Magic:  4/4        EV: 10    Int: 11    God:
Gold:   107        SH:  5    Dex: 15    Spells: 3/3 levels left

rFire    . . .     SeeInvis .   a - +0 mace
rCold    . . .     Faith    .   (no shield)
rNeg     . . .     Spirit   .   c - +0 scale mail
rPois    .         Reflect  +   (no helmet)
rElec    .         Harm     .   (no cloak)
rCorr    .         Rampage  .   (no gloves)
Will     .....                  (no boots)
Stlth    +.........             d - amulet of reflection
HPRegen  0.12/turn              (no ring)
MPRegen  0.09/turn              (no ring)

@: very slightly contaminated, invisible
A: molten scales 1, ignite blood 1
a: no special abilities


You were on level 3 of the Dungeon.
You visited 1 branch of the dungeon, and saw 3 of its levels.

You collected 107 gold pieces.

Inventory:

Hand Weapons
 a - a +0 mace (weapon)
Armour
 c - a +0 scale mail (worn)
Jewellery
 d - an amulet of reflection (around neck)
 g - an amulet of guardian spirit
Scrolls
 b - 2 scrolls of identify
Potions
 e - a potion of mutation


   Skills:
 + Level 3.6 Fighting
 + Level 3.3 Maces & Flails
 + Level 1.6 Armour
 + Level 3.3 Dodging
 - Level 1.7 Stealth


You had 3 spell levels left.
You didn't know any spells.
Your spell library contained the following spells:

 Spells                   Type           Power      Damage    Failure   Level
 Sandblast                Erth           0%         2d4       86%         1
 Passwall                 Tmut/Erth      0%         N/A       94%         2
 Gell's Gravitas          Tloc           0%         N/A       99%         3
 Teleport Other           Tloc           0%         N/A       99%         3
 Freezing Cloud           Conj/Ice/Air   0%         6-21      100%        5
 Lee's Rapid Deconstruct  Erth           0%         3d5*      100%        5
 Dispersal                Tloc           0%         N/A       100%        6
 Simulacrum               Ice/Necr       0%         N/A       100%        6
 Polar Vortex             Ice            0%         N/A       100%        9


Dungeon Overview and Level Annotations

Branches:
Dungeon (3/15)

Altars:
Fedhas

Shops:
D:2 [

Annotations:
D:3 Sigmund


Innate Abilities, Weirdness & Mutations

You are partially covered in molten scales. (AC +2)
Your demonic aura sometimes causes spilled blood to erupt in flames.


Message History

The kobold is severely wounded.
The kobold hits you but does no damage.
Sigmund mumbles some strange words.
Sigmund flickers and vanishes!
Deactivating autopickup; reactivate with Ctrl-A.
As you read the scroll of identify, it crumbles to dust.
e - a potion of mutation The kobold closely misses you.
It was a potion of invisibility.
You fade into invisibility!
Something hits you! You block the kobold's attack.
You are very lightly contaminated with residual magic.
You closely miss the kobold.
The kobold is severely wounded.
The kobold closely misses you.
A puff of flame appears from out of thin air!
You hit the kobold but do no damage.
The kobold is severely wounded.
The kobold barely misses you.
You hit the kobold.
You kill the kobold!
Something hits you but does no damage.
Things that are here:
a +0 short sword; a kobold corpse Something hits you.
Something hits you but does no damage.
You hear some strange, mumbled words.
Something tries to affect you, but you resist.
A puff of flame appears from out of thin air!
The puff of flame hits you!
A magic dart appears from out of thin air!
The magic dart hits you but does no damage.
Something hits you!
* * * LOW HITPOINT WARNING * * *
You closely miss something.
You hear some strange, mumbled words.
A puff of flame appears from out of thin air!
The puff of flame misses you.
You hit something but do no damage. Something hits you.
You die...

........#...##.###..#............
.##.##..#...##.# ##.##.#.########
.##.##......##.####..#.........#
.................# #.#.........#
.....).##.#.##.#)###.#.........#
.........................#######
..........#.##.#.####..#.#
.##.####..#.##.#{####..#.# .##.#
#..#.##.#@......#.#
.##.####..#.##.#.......#
>##.#...................
.##.#.....<.............
.##.#...#.#.#####.....#.
....+...#...............
.##.#...#.#.############
....#####.#.#
....#####.#.########


There were no monsters in sight!

Vanquished Creatures
  6 adders
  2 ball pythons
  5 bats
  4 endoplasms
  2 giant cockroaches
  5 goblins
  5 hobgoblins
  A jackal (D:1)
  2 quokkas
  5 frilled lizards
  4 kobolds
  2 rats (D:1)
43 creatures vanquished.

Vanquished Creatures (others)
  A plant (D:1)
1 creature vanquished.

Grand Total: 44 creatures vanquished

Notes
Turn   | Place    | Note
-------+----------+-------------------------------------------
     0 | D:1      | ZombieSheep the Demonspawn Monk began the quest for the
                  | Orb.
     0 | D:1      | Reached XP level 1. HP: 18/18 MP: 1/1
   256 | D:1      | Gained mutation: You are partially covered in molten
                  | scales. (AC +2) [demonic ancestry]
   256 | D:1      | Reached XP level 2. HP: 23/24 MP: 2/2
   739 | D:1      | Found a faded altar of an unknown god.
  1138 | D:2      | Reached skill level 1 in Armour
  1138 | D:2      | Gained mutation: Your demonic aura sometimes causes spilled
                  | blood to erupt in flames. [demonic ancestry]
  1138 | D:2      | Reached XP level 3. HP: 13/29 MP: 3/3
  1350 | D:2      | Found Lanaf's Antique Armour Shop.
  1464 | D:2      | Found a blossoming altar of Fedhas.
  1993 | D:2      | Reached XP level 4. HP: 25/35 MP: 4/4
  2922 | D:3      | Noticed Sigmund
  2946 | D:3      | Slain by Sigmund

Illustrated notes

Levels and vault maps discovered:
D:1:      saegor_arrival_simple_c, layout_loops_corners,
          chequers_ecumenical_altar_simple, moated_statue, serial_bayou_pond_b,
          minmay_misc_feat_more_columns
D:2:      layout_basic, serial_shops, shop_fountains, minmay_hexomino_r4
D:3:      layout_basic, uniq_sigmund

Skill      XL: |  1  2 |
---------------+-------+-----
Maces & Flails | 3 |  3.3
Armour         | 1 |  1.6
Dodging        | 3 |  3.3
Fighting       | |  3.6
Stealth        | |  1.7

Action                   |  1- 3 |  4- 6 || total
-------------------------+-------+-------++-------
Melee: Mace              |   111 |    42 ||   153
  Use: Scroll            |     1 |     4 ||     5
       Potion            |     1 |     1 ||     2
Armor: Scale mail        |    73 |    23 ||    96
       Robe              |     1 |       ||     1
       Skin              |    12 |       ||    12
Dodge: Dodged            |    66 |    17 ||    83
Block: Other             |     3 |     8 ||    11
